 Dungeon Crawl Stone Soup version 0.17-a0-1996-gd2c0ec8 (webtiles) character file.

35 brucemayne the Chucker (level 3, -2/36 HPs)
             Began as an Ogre Hunter on Oct 7, 2015.
             Slain by an orc
             ... wielding a +0 dagger
              (5 damage)
             ... on level 3 of the Dungeon.
             The game lasted 00:02:39 (490 turns).

brucemayne the Chucker (Ogre Hunter)                 Turns: 490, Time: 00:02:39

Health: -2/36      AC:  3    Str: 18    XL:     3   Next: 33%
Magic:  3/3        EV: 10    Int: 10    God:
Gold:   55         SH:  0    Dex: 10    Spells: 0 memorised, 2 levels left

rFire  . . .     SeeInvis .     f - +0 flail
rCold  . . .     Clarity  .     d - +0 robe
rNeg   . . .     SustAt   .     (no shield)
rPois  .         Gourm    .     (helmet restricted)
rElec  .         Spirit   .     (no cloak)
rCorr  .         Warding  .     (gloves unavailable)
rMut   .         Stasis   .     (boots unavailable)
MR     .....                    (no amulet)
Stlth  +.........               (no ring)
                                (no ring)

@: not resistant to hostile enchantments, very unstealthy
A: unfitting armour, tough skin 1
a: no special abilities


You were on level 3 of the Dungeon.
You were not hungry.

You visited 1 branch of the dungeon, and saw 4 of its levels.

You collected 55 gold pieces.

Inventory:

Hand Weapons
 c - a +0 short sword
 f - a +0 flail (weapon)
Missiles
 a - a large rock (quivered)
 l - 16 poisoned needles
Armour
 d - a +0 robe (worn)
Scrolls
 g - 2 scrolls of identify {unknown}
 j - a scroll of remove curse {unknown}
 k - 4 scrolls of teleportation {unknown}
Potions
 h - a potion of haste {unknown}
 i - a potion of flight {unknown}
 m - a potion of might {unknown}
 n - a potion of curing {unknown}
Miscellaneous
 p - a plain deck of changes
Comestibles
 e - a bread ration
 o - a chunk of flesh


   Skills:
 - Level 2.8 Fighting
 + Level 0.6 Maces & Flails
 - Level 4.8 Throwing
 - Level 2.0 Dodging
 - Level 0.8 Stealth


You had 2 spell levels left.
You didn't know any spells.

Dungeon Overview and Level Annotations

Branches:
Dungeon (4/15)
 Temple: D:4-7

Altars:
Kikubaaqudgha
Nemelex Xobeh
Qazlal


Innate Abilities, Weirdness & Mutations

You are too large for most types of armour.
You have tough skin (AC +1).


Message History

Okay, then.
Evoke which item? (* to show all) (? for menu, Esc to quit)
Okay, then.
You see here a large rock.
a - a large rock The orc hits you with a dagger.
* * * LOW HITPOINT WARNING * * *
Items here: (( ) † a flail; a throwing net; 2 large rocks; an orc corpse Throwing (i - inventory):
a - a large rock (quivered)
Press: ? - help, Shift-Dir - straight line, f - orc
Aim: an orc, wielding a dagger You throw a large rock.
The large rock closely misses the orc.
The large rock barely misses the orc.
The orc misses you.
Drink which item? (? for menu, Esc to quit)
Okay, then.
You see here a large rock.
a - a large rock The orc hits you with a dagger.
You die...

............>####.#<#
#.##.######.###....##.#.######
#....##....####...........(...
#.......###...........####.
#.##.##.##.........#..# #.
#.##.##..#.........#..# #.
#.##o####o.........#..# #.
#######....#####o.......##..#
#.
.............)..@#.....###..#
#. #######.#..#####.##...##
#..# #. ...#..# #.###..# #..#
####...# #...#o.# .# #..##
#.#.#..####..## # #..#
#.#.#o......... #....#
##............# ##.#..#
#>......_.....# ##...##
#.....#####...#


You could see 2 orcs.

Vanquished Creatures
  An adder (D:2)
  An ooze (D:2)
  A worm (D:2)
  A giant gecko (D:3)
  2 orcs (D:3)
  A bat (D:2)
  3 giant cockroaches (D:2)
  A goblin (D:2)
  A giant newt (D:2)
  A kobold (D:2)
  2 rats (D:2)
15 creatures vanquished.

Notes
Turn   | Place    | Note
--------------------------------------------------------------
     0 | D:1      | brucemayne the Ogre Hunter began the quest for the Orb.
     0 | D:1      | Reached XP level 1. HP: 22/22 MP: 1/1
    20 | D:2      | Found an ancient bone altar of Kikubaaqudgha.
    58 | D:2      | Reached XP level 2. HP: 22/29 MP: 2/2
   185 | D:2      | Reached XP level 3. HP: 16/36 MP: 3/3
   352 | D:3      | Found a sparkling altar of Nemelex Xobeh.
   402 | D:3      | Found a stormy altar of Qazlal.
   404 | D:3      | Noticed a water elemental
   405 | D:3      | Noticed a fire elemental
   405 | D:3      | Noticed an air elemental
   405 | D:3      | Noticed an earth elemental
   472 | D:3      | HP: 1/36 [orc/dagger (5)]
   490 | D:3      | Slain by an orc

Vault maps used:
D:1:      lemuel_arrival_broad_hall
D:2:      nicolae_ru_path_of_blood, lemuel_doored_altar,
          kiku_gazebo_garden_becter
D:3:      nemelex_deck, nicolae_qazlal_style_of_elements, first_bread,
          lemuel_tele_altar
D:4:      minmay_misc_feat_pillars, nicolae_tso_besieged_by_evil

Action                   || total
-------------------------++-------
Melee: Short sword       ||    59
       Flail             ||     1
Throw: Large rock        ||    16
       Throwing net      ||     4
  Use: Potion            ||     1
